 Dungeon Crawl Stone Soup version 0.23.2-30-g0e89c35649 (webtiles) character file.

Game seed: 394616368879656309

119 diana the Slasher (level 4, 0/39 HPs)
             Began as a Minotaur Gladiator on June 13, 2019.
             Succumbed to kobold's curare-tipped needle
             ... on level 3 of the Dungeon.
             The game lasted 00:02:25 (1863 turns).

diana the Slasher (Minotaur Gladiator)              Turns: 1863, Time: 00:02:26

Health: 0/39       AC:  5    Str: 20    XL:     4   Next: 74%
Magic:  3/3        EV: 12    Int: 10    God:
Gold:   93         SH:  0    Dex: 11    Spells: 3/3 levels left

rFire    . . .     SeeInvis .   a - +0 long sword
rCold    . . .     Gourm    .   (no shield)
rNeg     . . .     Faith    .   i - +0 ring mail
rPois    .         Spirit   .   (helmet restricted)
rElec    .         Reflect  .   (no cloak)
rCorr    .         Harm     .   (no gloves)
MR       .....                  (no boots)
Stlth    ..........             (no amulet)
HPRegen  0.13/turn              t - ring of attention (curse)
MPRegen  0.08/turn              (no ring)

@: brilliant, lethally poisoned (0 -> -29), slowed, very slow
A: retaliatory headbutt, horns 2
a: no special abilities


You were on level 3 of the Dungeon.
You were not hungry.

You visited 1 branch of the dungeon, and saw 3 of its levels.

You collected 93 gold pieces.

Inventory:

Hand Weapons
 a - a +0 long sword (weapon)
Missiles
 d - 4 throwing nets (quivered)
Armour
 b - a +0 leather armour
 h - a cursed +0 shield
 i - a +0 ring mail (worn)
Jewellery
 t - a cursed ring of attention (left hand)
 u - an uncursed ring of flight {unknown}
Scrolls
 e - a scroll of magic mapping {unknown}
 g - 2 scrolls of teleportation {unknown}
 l - a scroll of enchant armour {unknown}
 o - 3 scrolls of identify {unknown}
 q - a scroll of remove curse {unknown}
Potions
 c - a potion of berserk rage {unknown}
 j - a potion of heal wounds {unknown}
 k - a potion of degeneration {unknown}
 m - a potion of flight {unknown}
 n - a potion of haste {unknown}
 p - a potion of resistance {unknown}
 s - 3 potions of brilliance
Comestibles
 f - 2 rations
 r - a chunk of flesh


   Skills:
 + Level 3.6 Fighting
 * Level 5.4 Long Blades
 - Level 2.0 Throwing
 + Level 2.4 Armour
 - Level 3.2 Dodging


You had 3 spell levels left.
You didn't know any spells.
Your spell library was empty.

Dungeon Overview and Level Annotations

Branches:
Dungeon (3/15)

Altars:
Dithmenos
Zin

Annotations:
D:3 1 runed translucent door, Crazy Yiuf


Innate Abilities, Weirdness & Mutations

You reflexively headbutt those who attack you in melee.
You have a pair of horns on your head.


Message History

You are more poisoned.
You have difficulty breathing.
* * * LOW HITPOINT WARNING * * *
You feel as though you will be slow longer.
You see here a curare-tipped needle.
You are too injured to fight recklessly!
You are too injured to fight recklessly!
You are too injured to fight recklessly!
Okay, then.
A kobold comes into view. It is wielding a +0 short sword.
* * * LOW HITPOINT WARNING * * *
You feel very sick.
The kobold shouts!
The kobold unwields a +0 blowgun.
The kobold barely misses you.
A quokka comes into view.
The kobold hits you.
* * * LOW HITPOINT WARNING * * *
It was a potion of brilliance.
You feel clever all of a sudden.
You die...

##r # .. .###.
#.#K##..
#.......#.. ...
#..##...... ...
#K.##.#.#.##..#
#@.##.#.#.##..##
#.(##.#.#.##...#
#............#.###
#..((.............
#..##.........#
#..###.##.#...####
#.........รท.......
#.#####.#.#...####
#. #[#.#.#.....


You could see a quokka (wandering) and 2 kobolds.

Vanquished Creatures
  4 gnolls (D:3)
  2 adders (D:3)
  2 worms (D:2)
  A dart slug (D:1)
  2 leopard geckos (D:1)
  2 ball pythons
  A giant cockroach (D:2)
  6 hobgoblins
  3 jackals (D:2)
  A quokka (D:3)
  3 bats
  4 frilled lizards
  9 goblins
  6 kobolds
  12 rats
58 creatures vanquished.

Notes
Turn   | Place    | Note
-------+----------+-------------------------------------------
     0 | D:1      | diana the Minotaur Gladiator began the quest for the Orb.
     0 | D:1      | Reached XP level 1. HP: 18/18 MP: 0/0
    72 | D:1      | Reached skill level 4 in Long Blades
   109 | D:1      | Reached XP level 2. HP: 23/25 MP: 1/1
   351 | D:1      | Reached skill level 1 in Armour
   765 | D:2      | Found a shadowy altar of Dithmenos.
   836 | D:2      | Reached XP level 3. HP: 31/31 MP: 2/2
  1389 | D:3      | Reached skill level 5 in Long Blades
  1389 | D:3      | Reached XP level 4. HP: 23/38 MP: 3/3
  1642 | D:3      | Found a glowing silver altar of Zin.
  1740 | D:3      | Found a runed translucent door.
  1741 | D:3      | Noticed Crazy Yiuf
  1863 | D:3      | Succumbed to kobold's curare-tipped needle

Skill      XL: |  1  2  3 |
---------------+----------+-----
Long Blades    | 4 5 |  5.4
Armour         | 1 2 |  2.4
Fighting       | 3 |  3.6
Throwing       | |  2.0
Dodging        | |  3.2

Action                   |  1- 3 |  4- 6 || total
-------------------------+-------+-------++-------
Melee: Long sword        |    72 |    20 ||    92
       Headbutt          |    11 |       ||    11
  Use: Potion            |       |     1 ||     1
  Eat: Chunk             |     2 |     1 ||     3
Armor: Leather armour    |     4 |       ||     4
       Ring mail         |    16 |     3 ||    19
Dodge: Dodged            |    52 |    20 ||    72
       Rpst.: Long sword |    18 |     5 ||    23
